 Dungeon Crawl Stone Soup version 0.32-a0-520-g344ed53f66 (webtiles) character file.

Game seed: 7714620982458129277

196 Asceticacid the Cudgeller (level 5, -1/27 HPs)
             Began as a Vine Stalker Fighter on Feb 27, 2024.
             Succumbed to an orc's curare-tipped dart
             ... on level 3 of the Dungeon on Feb 28, 2024.
             The game lasted 00:02:29 (1682 turns).

Asceticacid the Cudgeller (Vine Stalker Fighter)    Turns: 1682, Time: 00:02:29

Health: -1/27      AC:  6    Str: 18    XL:     5   Next: 74%
Magic:  2/6        EV:  9    Int:  8    God:
Gold:   100        SH:  6    Dex: 16    Spells: 4/4 levels left

rFire   + . .        e - +0 whip (venom)
rCold   . . .        c - +1 buckler
rNeg    . . .        b - +0 scale mail
rPois   .            (no helmet)
rElec   .            (no cloak)
rCorr   .            (no gloves)
SInv    .            (no boots)
Will    .....        (no amulet) Stlth
                     f - ring of protection from fire
HPRegen 1.04/turn    (no ring)
MPRegen 0.10/turn

%: guardian spirit
@: lethally poisoned (-1 -> -11), slowed, very slow
A: fangs 2, regeneration 1, magic shield, antimagic bite, no potion heal 2
a: no special abilities


You were on level 3 of the Dungeon.
You visited 1 branch of the dungeon, and saw 3 of its levels.

You collected 157 gold pieces.
You spent 57 gold pieces at shops.

Inventory:

Hand Weapons
 a - a +0 flail
 e - a +0 whip of venom (weapon)
Missiles
 h - 2 throwing nets (quivered)
Armour
 b - a +0 scale mail (worn)
 c - a +1 buckler (worn)
Jewellery
 f - a ring of protection from fire (left hand)
Talismans
 g - a beast talisman
Potions
 d - a potion of might
 i - a potion of resistance {unknown}
 j - a potion of mutation {unknown}
 l - a potion of heal wounds {unknown}


   Skills:
 - Level 2.6 Fighting
 + Level 5.2 Maces & Flails
 - Level 2.4 Armour
 - Level 2.6 Shields


You had 4 spell levels left.
You didn't know any spells.
Your spell library contained the following spells:

 Spells                   Type           Power      Damage    Failure   Level
 Stone Arrow              Conj/Erth      0%         3d7       99%         3
 Volatile Blastmotes      Fire/Tloc      0%         2d10      99%         3
 Animate Armour           Summ/Erth      0%         N/A       100%        4
 Fulminant Prism          Conj/Alch      0%         3d5       100%        4
 Iskenderun's Mystic Bla  Conj/Tloc      0%         2d3       100%        4
 Lehudib's Crystal Spear  Conj/Erth      0%         10d2      100%        8


Dungeon Overview and Level Annotations

Branches:
Dungeon (3/15)

Altars:
Qazlal
Wu Jian

Shops:
D:2 *


Innate Abilities, Weirdness & Mutations

You have extremely sharp teeth.
Your natural rate of healing is unusually fast.
When hurt, damage is shared between your health and your magic reserves.
Your bite disrupts and absorbs the magic of your enemies.
Potions cannot restore your health.


Message History

The orc is moderately wounded.
The orc hits you but does no damage.
You hit the orc.
You kill the orc!
No target in view!
No target in view!
No target in view!
No target in view!
No target in view!
No target in view!
No target in view!
No target in view!
No target in view!
No target in view!
k - a scroll labelled GICUANEOQOE
Items here: )) [ †.
You see here a giant cockroach corpse.
An orc comes into view.
It is wielding a +0 whip and quivering curare-tipped darts.
An orc is nearby!
An orc is nearby!
An orc is nearby!
An orc is nearby!
The orc shouts!
The orc throws a curare-tipped dart.
The curare-tipped dart hits you.
You are poisoned.
You have difficulty breathing.
You feel yourself slow down.
Found an ornate altar of the Wu Jian Council.
You feel very sick.
The orc throws a curare-tipped dart.
The curare-tipped dart hits you.
You are more poisoned.
You have difficulty breathing.
You feel as though you will be slow longer.
You are too injured to fight recklessly!
* * * LOW HITPOINT WARNING * * *
You feel extremely sick.
Okay, then.
As you read the scroll labelled GICUANEOQOE, it crumbles to dust.
It is a scroll of enchant armour.
Your +0 buckler glows green for a moment.
You die...

._..≈≈. ....≈≈. .......
### .≈≈.... ..# ≈.... #.#
... #.# ##:##### #.#
###...@..#########)#
...o..####.........#.####
.........)†..............
.#######.)########.......
...............###...##
#######........ ###.#
#...(.... #.## ##.......
#... ....... ###.


You could see an orc.

Vanquished Creatures
  A bombardier beetle (D:3)
  2 orc priests
  3 adders
  2 dart slugs (D:2)
  8 orcs
  8 endoplasms
  5 giant cockroaches
  5 goblins
  7 hobgoblins
  A quokka (D:2)
  4 ball pythons (D:1)
  3 bats
  3 frilled lizards
  6 kobolds
  5 rats
63 creatures vanquished.

Notes
Turn   | Place    | Note
-------+----------+-------------------------------------------
     0 | D:1      | Asceticacid the Vine Stalker Fighter began the quest for
                  | the Orb.
     0 | D:1      | Reached XP level 1. HP: 11/11 MP: 2/2
    37 | D:1      | Reached skill level 2 in Maces & Flails
    63 | D:1      | Reached XP level 2. HP: 16/16 MP: 1/3
   235 | D:1      | Reached skill level 3 in Maces & Flails
   358 | D:1      | Reached XP level 3. HP: 19/19 MP: 4/4
   698 | D:2      | Reached XP level 4. HP: 17/23 MP: 3/5
   708 | D:2      | Found Utao's Assorted Antiques.
   710 | D:2      | Reached skill level 4 in Maces & Flails
   712 | D:2      | Bought a metallic puce potion for 27 gold pieces
   712 | D:2      | Bought a scroll labelled YVUYBA JIF VAKHU for 30 gold
                  | pieces
  1534 | D:3      | Found a stormy altar of Qazlal.
  1585 | D:3      | Reached XP level 5. HP: 27/27 MP: 6/6
  1624 | D:3      | Reached skill level 5 in Maces & Flails
  1680 | D:3      | Found an ornate altar of the Wu Jian Council.
  1682 | D:3      | Succumbed to an orc's curare-tipped dart

Illustrated notes

Levels and vault maps discovered:
D:1:      onia_arrival_handbag, layout_basic, st_stairs_1
D:2:      cheibrodos_pilgrimage, layout_loops_corners, serial_shops,
          nicolae_shop_tiny_real_fake_doors, minmay_tetromino_o4
D:3:      layout_rooms, lemuel_round_altar, nicolae_wu_jian_wuxing_cycle,
          gammafunk_ghost_smash

Skill      XL: |  1  2  3  4  5 |
---------------+----------------+-----
Maces & Flails | 2 3 4 5 |  5.2
Fighting       | |  2.6
Armour         | |  2.4
Shields        | |  2.6

Action                     |  1- 3 |  4- 6 || total
---------------------------+-------+-------++-------
  Melee: Flail             |    21 |       ||    21
         Bite              |    19 |    19 ||    38
         Whip              |    48 |    82 ||   130
    Use: Scroll            |     1 |     2 ||     3
 Armour: Scale mail        |    61 |    45 ||   106
  Dodge: Dodged            |    41 |    28 ||    69
  Block: Buckler           |    20 |    13 ||    33

Table legend: (Time is in decaauts)
 A = Elapsed time spent in this place.
 B = Non-inter-level travel time spent in this place.
 C = Inter-level travel time spent in this place.
 D = Time resting spent in this place.
 E = Time spent auto-exploring this place.
 F = Levels seen in this place.
 G = Mean time per level.
                   A        B        C        D        E       F      G
               +--------+--------+--------+--------+--------+-----+--------+
         Total |   1679 |   1606 |     73 |      6 |   1201 |   3 |  559.7 |
       Dungeon |   1679 |   1606 |     73 |      6 |   1201 |   3 |  559.7 |
               +--------+--------+--------+--------+--------+-----+--------+

Top non-repeatable levels by time:
     D:2: 914 daAuts
     D:1: 592 daAuts
     D:3: 172 daAuts
